Map: Galactic Process LE

Players

Jason - Winner!

  • Race: Terran Terran
  • League: Grandmaster

starkiller

  • Race: Zerg Zerg
  • League: Grandmaster

Event: Cheesadelphia Summer 2016

VOD

Have the link to the VOD?

Description

Time

  • Played on: July 23, 2016, 10:55 a.m.
  • Length: 9:43

All games in this series

Show
View Real Time Build Order
Export as new Build Order

Jason Terran - Winner!

Build Orders:  

Get SALT Encoding   

  12  0:00  SCV  
  13  0:13  SCV  
  14  0:17  Supply Depot  
  14  0:25  SCV  
  15  0:39  SCV  
  15  0:40  Barracks  
  16  0:44  Refinery  
  16  0:51  SCV  
  17  1:03  SCV  
  18  1:15  SCV  
  19  1:28  Reaper, Orbital Command  
  20  1:36  Supply Depot  
  20  1:38  Barracks  
  20  1:44  Barracks  
  20  1:51  Refinery  
  21  1:54  SCV  
  21  2:00  Reaper  
  22  2:08  SCV  
  23  2:21  SCV  
  24  2:26  Supply Depot, Reaper  
  25  2:32  Reaper  
  25  2:33  Reaper, SCV  
  28  2:37  Bunker  
  28  2:53  SCV  
  28  2:58  Marine  
  30  3:04  Reaper  
  31  3:06  Reaper  
  32  3:15  Command Center  
  32  3:18  Reaper  
  30  3:34  SCV  
  30  3:36  Reaper  
  30  3:39  Supply Depot  
  32  3:42  Reaper  
  33  3:50  Reaper  
  33  3:54  SCV  
  35  3:58  Factory  
  35  4:06  SCV  
  35  4:07  Supply Depot  
  35  4:08  Reaper  
  37  4:14  Reaper  
  37  4:18  SCV  
  37  4:22  Reaper  
  39  4:28  Orbital Command  
  38  4:40  Reaper  
  39  4:52  Starport  
  40  4:54  Barracks Tech Lab  
  39  5:00  Orbital Command  
  39  5:01  Reaper  
  39  5:05  Factory Reactor  
  40  5:11  Command Center, SCV  
  41  5:20  Marine  
  40  5:23  SCV  
  40  5:24  Marine  
  40  5:26  Stimpack  
  42  5:30  SCV  
  42  5:33  Marine  
  44  5:37  SCV  
  44  5:38  Liberator, Marine  
  44  5:42  Marine  
  47  5:45  SCV  
  47  5:49  Factory Tech Lab, SCV  
  49  5:51  Supply Depot, Marine  
  49  5:55  Marine  
  49  5:56  Engineering Bay  
  54  6:00  Marine  
  54  6:01  SCV  
  54  6:04  SCV  
  55  6:15  Marine  
  55  6:16  Marine  
  55  6:18  Marine  
  54  6:24  Missile Turret x2  
  54  6:25  Missile Turret  
  54  6:28  Missile Turret  
  54  6:30  Widow Mine, Medivac  
  54  6:32  Marine, SCV  
  59  6:34  Marine  
  59  6:35  SCV  
  59  6:36  Bunker, Marine  
  63  6:44  SCV  
  64  6:50  Marine  
  64  6:52  Marine  
  64  6:53  Marine  
  65  6:56  SCV  
  65  6:59  Orbital Command  
  63  7:03  SCV  
  63  7:06  Refinery  
  64  7:08  Marine  
  64  7:10  Marine  
  64  7:11  Marine  
  64  7:12  Medivac x2  
  64  7:14  SCV  
  72  7:18  Orbital Command, Refinery  
  72  7:22  Siege Tank  
  75  7:26  Marine  
  75  7:27  SCV  
  75  7:28  Barracks  
  77  7:32  Barracks, SCV  
  77  7:36  Marine, Marauder  
  81  7:40  SCV  
  82  7:45  Marine  
  82  7:46  SCV  
  84  7:51  Medivac  
  84  7:52  Medivac  
  84  7:53  SCV  
  84  7:54  Marine, SCV  
  84  7:56  Supply Depot  
  84  7:57  Marine  
  92  7:58  Supply Depot, SCV  
  92  8:03  Marine  
  93  8:11  Supply Depot  
  93  8:12  Supply Depot  
  93  8:18  Marine x2, Siege Tank  
  98  8:20  Marine  
  98  8:21  Marine  
  98  8:24  Medivac  
  102  8:28  SCV  
  102  8:31  Supply Depot x2  
  103  8:35  Marine  
  103  8:36  Marauder  
  106  8:41  Marine  
  106  8:44  SCV  
  106  8:45  SCV  
  106  8:47  Supply Depot  
  106  8:48  Supply Depot, Marine x2  
  111  8:54  Marine  
  111  8:55  Siege Tank  
  111  8:57  Marauder  
  111  8:58  SCV  
  111  8:59  SCV  
  114  9:04  Marine  
  114  9:05  Marine, SCV  
  116  9:10  SCV  
  116  9:12  Marine  
  116  9:14  Marine  
  119  9:18  Marine  
  119  9:21  Marine  
  119  9:23  Marine  
Show
View Real Time Build Order
Export as new Build Order

starkiller Zerg 

Build Orders: Hatch First 

Get SALT Encoding   

  12  0:01  Drone  
  13  0:13  Overlord  
  13  0:20  Drone  
  14  0:32  Drone  
  14  0:33  Drone  
  16  0:53  Hatchery  
  16  0:57  Drone  
  16  1:00  Drone  
  17  1:13  Spawning Pool  
  17  1:17  Extractor  
  15  1:20  Drone  
  15  1:23  Drone  
  17  1:29  Drone  
  18  1:42  Drone  
  19  1:52  Drone  
  20  2:00  Roach Warren, Queen  
  21  2:06  Queen  
  23  2:28  Hatchery  
  22  2:40  Roach x2  
  26  2:45  Roach  
  28  2:57  Lair  
  28  2:58  Extractor  
  27  3:05  Drone  
  28  3:19  Overlord  
  26  3:30  Drone x2  
  28  3:37  Ravager  
  29  3:41  Queen  
  29  3:43  Roach x2  
  31  3:50  Roach  
  30  4:16  Spire  
  29  4:17  Roach  
  29  4:28  Drone  
  30  4:32  Drone  
  30  4:33  Drone  
  32  4:39  Roach  
  34  4:53  Drone x3  
  34  4:54  Drone  
  38  5:04  Drone x2  
  40  5:09  Queen  
  34  5:27  Mutalisk  
  34  5:28  Mutalisk x2  
  31  5:31  Queen  
  31  5:35  Mutalisk  
  35  5:42  Roach  
  36  5:45  Drone  
  37  6:04  Drone  
  37  6:21  Overlord x2  
  37  6:26  Overlord x2  
  37  6:32  Overlord  
  37  6:35  Overlord  
  37  6:40  Drone  
  37  6:43  Drone  
  28  6:56  Drone  
  28  6:57  Drone  
  31  7:01  Drone x2  
  32  7:09  Roach  
  34  7:16  Roach  
  34  7:21  Ravager  
  34  7:22  Roach  
  39  7:28  Roach  
  41  7:31  Roach  
  41  7:33  Ravager  
  44  7:37  Roach  
  44  7:40  Roach  
  44  7:42  Ravager  
  49  7:46  Roach  
  53  7:51  Roach  
  53  7:55  Roach  
  55  8:05  Drone x2  
  54  8:08  Drone  
  54  8:11  Drone  
  54  8:12  Drone  
  57  8:23  Roach x2  
  57  8:25  Ravager  
  57  8:26  Ravager  
  63  8:38  Ravager  
  61  8:44  Roach x3  
  67  8:49  Roach  
  67  8:52  Roach  
  67  8:55  Roach  
  73  8:59  Roach  
  75  9:12  Overlord  
  75  9:15  Overlord  
Tags
 
Add a new tag
Caveats
  • Supply blocks, unpowered buildings, or Contaminate may cause inaccurate times.
  • Supply counts are checked every 10 seconds.